 Dungeon Crawl Stone Soup version 0.27.1-3-gb3d3a73c9e (webtiles) character file.

Game seed: 5518987022967923494

154 horus123 the Gusty (level 5, 0/28 HPs)
             Began as a Deep Elf Air Elementalist on Oct 30, 2021.
             Succumbed to poison (dark miasma)
             ... on level 3 of the Dungeon.
             The game lasted 00:05:44 (2522 turns).

horus123 the Gusty (Deep Elf Air Elementalist)      Turns: 2522, Time: 00:05:44

Health: 0/28       AC:  3    Str:  4 (7)  XL:     5   Next: 13%
Magic:  10/10      EV: 12    Int: 22 (23) God:
Gold:   97         SH:  0    Dex: 13 (15) Spells: 4/10 levels left

rFire    . . .     SeeInvis .   f - staff of air
rCold    . . .     Faith    .   (no shield)
rNeg     . . .     Spirit   .   a - +0 robe
rPois    .         Reflect  .   (no helmet)
rElec    +         Harm     .   j - +0 cloak
rCorr    .         Rampage  .   (no gloves)
Will     .....                  (no boots)
Stlth    ++........             (no amulet)
HPRegen  0.09/turn              (no ring)
MPRegen  0.12/turn              (no ring)

@: lethally poisoned (0 -> -13)
A: clever 1, low mp 1, strong 1, MP-powered wands
a: no special abilities


You were on level 3 of the Dungeon.
You visited 1 branch of the dungeon, and saw 3 of its levels.

You collected 97 gold pieces.

Inventory:

Armour
 a - a +0 robe (worn)
 j - a +0 cloak (worn)
Magical Staves
 f - a staff of air (weapon)
Jewellery
 d - a ring of ice
Scrolls
 c - a scroll of identify
 h - a scroll of magic mapping {unknown}
 i - a scroll of blinking
 k - a scroll of vulnerability {unknown}
Potions
 b - a potion of degeneration
 e - a potion of magic


   Skills:
 - Level 2.4 Dodging
 - Level 2.4 Stealth
 - Level 3.0 Spellcasting
 + Level 3.4 Conjurations
 - Level 5.0 Air Magic


You had 4 spell levels left.
You knew the following spells:

 Your Spells              Type           Power      Damage    Failure   Level
a - Shock                 Conj/Air       100%       1d9       2%          1
b - Static Discharge      Conj/Air       32%        N/A       3%          2
c - Swiftness             Air            38%        N/A       4%          3

Your spell library contained the following spells:

 Spells                   Type           Power      Damage    Failure   Level
 Airstrike                Air            19%        N/A       16%         4
 Portal Projectile        Hex/Tloc       6%         N/A       36%         3
 Blade Hands              Tmut           1%         N/A       98%         5
 Excruciating Wounds      Necr           1%         N/A       98%         5


Dungeon Overview and Level Annotations

Branches:
Dungeon (3/15)

Altars:
Yredelemnul
The Shining One

Shops:
D:3 ?


Innate Abilities, Weirdness & Mutations

Your mind is acute. (Int +2)
Your magical capacity is low. (-10% MP)
Your muscles are strong. (Str +2)
You expend magic power (3 MP) to strengthen your wands.


Message History

You have reached level 5!
You start resting.
HP restored.
Magic restored.
Found a +0 club.
Items here: )) [ †.
Things that are here:
a +2 vampiric whip; a +0 leather armour; an orc corpse You open the door.
Found a scroll labelled JAYLENO BURRI and a club.
Found a basalt altar of Yredelemnul.
You open the door.
Found a scroll labelled DOASUN LEAWN.
Found a glowing golden altar of the Shining One.
There is an open door here.
There is a glowing golden altar of the Shining One here.
k - a scroll labelled DOASUN LEAWN
There is a glowing golden altar of the Shining One here.
There is an open door here.
There is an open door here.
Really walk into a travel-excluded area?
You are engulfed in dark miasma.
You are lethally poisoned!
You feel extremely sick.
You see here a scroll labelled JAYLENO BURRI.
You feel very sick.
It was a potion of degeneration.
There was something very wrong with that liquid.
You feel weakened.
You feel dopey.
You feel clumsy.
* * * LOW HITPOINT WARNING * * *
You feel very sick.
It was a potion of mutation.
You feel extremely strange.
You feel clever.
You feel your magical essence link to the dungeon's wands.
You feel less energetic.
You feel stronger.
* * * LOW HITPOINT WARNING * * *
You feel very sick.
As you read the scroll labelled BUOBIM CEHU, it crumbles to dust.
It is a scroll of identify.
i - a scroll of blinking You die...

#....#....### ##.#
######....#######.#
#....###A###.#
####.#######.#
#.##§.§##.#
#.##._.##.#
#§.§##.# #...##.#
#§@§##.# #...##.# #
###'###.#
#.#....)#.#
#......)).#
###.....### ###'###
#...# #§.§#


You could see a profane servitor.

Vanquished Creatures
  An orc priest (D:3)
  An orc wizard (D:3)
  5 adders
  A worm (D:2)
  2 dart slugs
  2 orcs (D:3)
  5 endoplasms
  3 giant cockroaches (D:2)
  3 goblins
  2 hobgoblins (D:3)
  3 jackals (D:3)
  3 quokkas
  5 ball pythons
  5 bats
  2 frilled lizards
  A kobold (D:1)
  4 rats
48 creatures vanquished.

Notes
Turn   | Place    | Note
-------+----------+-------------------------------------------
     0 | D:1      | horus123 the Deep Elf Air Elementalist began the quest for
                  | the Orb.
     0 | D:1      | Reached XP level 1. HP: 10/10 MP: 6/6
   344 | D:1      | Reached XP level 2. HP: 15/15 MP: 5/8
   630 | D:1      | Learned a level 2 spell: Static Discharge
  1178 | D:2      | Found a faded altar of an unknown god.
  1302 | D:2      | Reached skill level 4 in Air Magic
  1397 | D:2      | Reached XP level 3. HP: 19/19 MP: 7/9
  1401 | D:2      | Learned a level 3 spell: Swiftness
  2132 | D:3      | Reached skill level 5 in Air Magic
  2132 | D:3      | Reached XP level 4. HP: 22/24 MP: 3/10
  2317 | D:3      | Found Ofesut's Magic Scroll Boutique.
  2419 | D:3      | Reached XP level 5. HP: 23/28 MP: 2/11
  2494 | D:3      | Found a basalt altar of Yredelemnul.
  2497 | D:3      | Found a glowing golden altar of the Shining One.
  2499 | D:3      | Noticed an angel
  2516 | D:3      | Noticed a profane servitor
  2521 | D:3      | Gained mutation: Your mind is acute. (Int +2) [potion of
                  | mutation]
  2521 | D:3      | Gained mutation: You expend magic power (3 MP) to
                  | strengthen your wands. [potion of mutation]
  2521 | D:3      | Gained mutation: Your magical capacity is low. (-10% MP)
                  | [potion of mutation]
  2521 | D:3      | Gained mutation: Your muscles are strong. (Str +2) [potion
                  | of mutation]
  2522 | D:3      | Succumbed to poison (dark miasma)

Illustrated notes

Levels and vault maps discovered:
D:1:      psy_arrival_radial02, layout_basic, lemuel_old_faithful
D:2:      layout_rooms, basic_ecumenical_altar, minmay_fractal_squares_gapless_5
D:3:      layout_basic, grunt_temple_overflow_holy_war,
          nicolae_kikubaaqudgha_miasma_corner, serial_shops, shop,
          ebering_dispersal_statue_hall

Skill      XL: |  1  2  3  4 |
---------------+-------------+-----
Air Magic      | 4 5 |  5.0
Conjurations   | 3 |  3.4
Dodging        | |  2.4
Stealth        | |  2.4
Spellcasting   | |  3.0

Action                   |  1- 3 |  4- 6 || total
-------------------------+-------+-------++-------
 Cast: Shock             |    60 |    19 ||    79
       Static Discharge  |    13 |     2 ||    15
  Use: Potion            |     1 |     2 ||     3
       Scroll            |       |     1 ||     1
Armor: Robe              |     3 |       ||     3
Dodge: Dodged            |     7 |       ||     7
